 Dungeon Crawl Stone Soup version 0.29.0-4-gdea44cf6ec (webtiles) character file.

Game seed: 4187746190278408841

242 qw the Chopper (level 6, -1/33 (35) HPs)
             Began as a Tengu Warper on Aug 28, 2022.
             Slain by a wight
             ... wielding a +5 mace
              (4 damage)
             ... on level 4 of the Dungeon.
             The game lasted 00:00:20 (3753 turns).

qw the Chopper (Tengu Warper)                       Turns: 3753, Time: 00:00:21

HP:   -1/33 (35)    AC: 13    Str: 13    XL:     6   Next: 9%
MP:   10/10         EV:  4    Int: 13    God:
Gold: 100           SH:  4    Dex: 14    Spells: 9/9 levels left

rFire   . . .      SeeInvis .   Y - +0 hand axe
rCold   + . .      Faith    .   b - +0 buckler
rNeg    . . .      Spirit   .   l - +0 plate armour {rC+}
rPois   .          Reflect  .   (helmet restricted)
rElec   .          Harm     .   m - +0 cloak
rCorr   .          Rampage  .   d - +0 pair of gloves
Will    .....                   (boots unavailable)
Stlth   ..........              e - amulet of regeneration
HPRegen 0.91/turn               (no ring)
MPRegen 0.12/turn               (no ring)

@: flying quickly and evasively, drained, quick
A: beak, talons 3, nimble flight
a: no special abilities


You were on level 4 of the Dungeon.
You visited 1 branch of the dungeon, and saw 4 of its levels.

You collected 100 gold pieces.


Innate Abilities, Weirdness & Mutations

You have a beak for a mouth.
You have claws for feet.
Your magical nature lets you fly swiftly and evasively.


   Skills:
 - Level 2.0 Fighting
 - Level 6.3 Axes
 - Level 1.0 Throwing
 + Level 2.0 Armour
 - Level 2.1 Dodging
 - Level 1.3 Shields
 - Level 2.0 Spellcasting
 - Level 2.4 Translocations


You had 9 spell levels left.
You didn't know any spells.
Your spell library contained the following spells:

 Spells                   Type           Power      Damage    Failure   Level
 Blink                    Tloc           14%        N/A       100%        2
 Gell's Gravitas          Tloc           7%         N/A       100%        3
 Lesser Beckoning         Tloc           7%         N/A       100%        3
 Teleport Other           Tloc           7%         N/A       100%        3
 Manifold Assault         Tloc           7%         N/A       100%        5

Inventory:

Hand Weapons
 c - a +0 mace
 Y - a +0 hand axe (weapon)
Armour
 b - a +0 buckler (worn)
 d - a +0 pair of gloves (worn)
 l - a +0 plate armour of cold resistance (worn)
 m - a +0 cloak (worn)
Jewellery
 e - an amulet of regeneration (around neck)
Scrolls
 g - a scroll of identify
Potions
 a - a potion of cancellation
 f - a potion of curing {unknown}
 i - a potion of might {unknown}

Dungeon Overview and Level Annotations

Branches:
Dungeon (4/15)
 Temple: D:4-7

Altars:
Ashenzari
Elyvilon
Qazlal
Trog

Shops:
D:3 =


Message History

3740 ||| DRINKING potion of heal wounds.
You feel much better. You block the wight's attack.
The wight hits you but does no damage.
You hit the wight. You peck the wight, but do no damage.
The wight is heavily damaged.
The wight barely misses you.
You hit the wight.
The wight is heavily damaged.
The wight hits you with a +0 halberd.
You barely miss the wight. You claw the wight. Your peck misses the wight.
The wight is severely damaged.
You block the wight's attack.
You barely miss the wight. Your peck misses the wight.
The wight is severely damaged.
The wight hits you with a +0 halberd.
You closely miss the wight.
The wight is severely damaged.
The wight hits you with a +0 halberd!
You feel drained.
You closely miss the wight. Your peck misses the wight.
The wight is severely damaged.
You block the wight's attack.
You slash the wight!
You destroy the wight!
You block the wight's attack.
Your life force feels restored.
Your Axes skill increases to level 6!
You have reached level 6!
You barely miss the wight. You claw the wight, but do no damage.
You closely miss the wight. The wight barely misses you.
You block the wight's attack.
You closely miss the wight. You claw the wight, but do no damage.
Your peck misses the wight. The wight hits you with a +5 mace.
You hit the wight. You claw the wight. Your peck misses the wight.
The wight is moderately damaged.
The wight hits you with a +5 mace.
You feel drained.
You closely miss the wight. You claw the wight.
The wight is heavily damaged.
The wight hits you with a +5 mace!
You feel drained.
You die...

#.# #.# #.# #.# #.#..
#.# #.# #.#.# #.# #.#
#.#.# #.# #.# #.#.# #.#
#.# #.#.### #.## #.#
#.....#
...####.###....)#####.##
.......[).......@z......
...####.###.....########
#### #.# #.....# #.#
###.### #.# #.# ..# #.#
... ..# ### ###


You could see a wight.

Vanquished Creatures
  2 wights (D:4)
  An orc priest (D:4)
  An orc wizard (D:4)
  3 adders
  3 dart slugs (D:1)
  An orc (D:4)
  7 ball pythons
  5 endoplasms
  5 giant cockroaches
  3 hobgoblins
  6 kobolds
  6 bats
  5 frilled lizards
  6 goblins
  A rat (D:2)
55 creatures vanquished.

Vanquished Creatures (others)
  A plant (D:3)
1 creature vanquished.

Grand Total: 56 creatures vanquished

Notes
Turn   | Place    | Note
-------+----------+-------------------------------------------
     0 | D:1      | qw the Tengu Warper began the quest for the Orb.
     0 | D:1      | Reached XP level 1. HP: 12/12 MP: 4/4
     0 | D:1      | 0 ||| qw: Version: 0.1-a-89-g26bdef1
     0 | D:1      | 0 ||| qw: Game counter: 1319
     0 | D:1      | 0 ||| qw: Always use a shield: true
     0 | D:1      | 0 ||| qw: God list: Okawaru
     0 | D:1      | 0 ||| qw: Allow faded altars: false
     0 | D:1      | 0 ||| qw: Do Orc after D:15 true
     0 | D:1      | 0 ||| qw: Do second Lair branch before Depths: true
     0 | D:1      | 0 ||| qw: Lair rune preference: random
     0 | D:1      | 0 ||| qw: Plans: Normal
     0 | D:1      | 0 ||| PLANNING D:1-11
   132 | D:1      | 132 ||| Stepping ~*~*~tactically~*~*~ (hiding).
   143 | D:1      | Reached skill level 3 in Axes
   143 | D:1      | Reached XP level 2. HP: 15/17 MP: 6/6
   208 | D:1      | Found a faded altar of an unknown god.
   235 | D:1      | 235 ||| Stepping ~*~*~tactically~*~*~ (hiding).
   495 | D:1      | 495 ||| Stepping ~*~*~tactically~*~*~ (hiding).
   597 | D:1      | 597 ||| Stepping ~*~*~tactically~*~*~ (hiding).
   699 | D:1      | 699 ||| Stepping ~*~*~tactically~*~*~ (hiding).
   801 | D:1      | 801 ||| Stepping ~*~*~tactically~*~*~ (hiding).
   903 | D:1      | 903 ||| Stepping ~*~*~tactically~*~*~ (hiding).
  1005 | D:1      | 1005 ||| Stepping ~*~*~tactically~*~*~ (hiding).
  1107 | D:1      | 1107 ||| Stepping ~*~*~tactically~*~*~ (hiding).
  1148 | D:1      | 1148 ||| Stepping ~*~*~tactically~*~*~ (hiding).
  1412 | D:1      | 1412 ||| Stepping ~*~*~tactically~*~*~ (stealth).
  1416 | D:1      | 1416 ||| Stepping ~*~*~tactically~*~*~ (stealth).
  1419 | D:1      | 1419 ||| Stepping ~*~*~tactically~*~*~ (stealth).
  1427 | D:1      | 1427 ||| Stepping ~*~*~tactically~*~*~ (stealth).
  1437 | D:1      | 1437 ||| Stepping ~*~*~tactically~*~*~ (stealth).
  1477 | D:1      | 1477 ||| Stepping ~*~*~tactically~*~*~ (stealth).
  1537 | D:1      | 1537 ||| UPGRADING to +0 chain mail.
  1547 | D:1      | 1547 ||| DROPPING +0 leather armour.
  1548 | D:1      | 1548 ||| UPGRADING to +0 plate armour.
  1558 | D:1      | 1558 ||| DROPPING +0 chain mail.
  1559 | D:1      | 1559 ||| DROPPING scarf of invisibility.
  1560 | D:1      | 1560 ||| UPGRADING to +0 plate armour of cold resistance.
  1570 | D:1      | 1570 ||| DROPPING +0 plate armour.
  1571 | D:1      | 1571 ||| UPGRADING to +0 cloak.
  1576 | D:1      | 1576 ||| READING scroll labelled TIFUOG PAFU.
  1579 | D:1      | 1579 ||| READING 2 scrolls labelled HEMPOERI KUSEA.
  1580 | D:1      | 1580 ||| DROPPING scroll of blinking.
  1611 | D:2      | 1611 ||| STAIRDANCE
  1620 | D:2      | Reached XP level 3. HP: 17/21 MP: 7/7
  1620 | D:2      | 1620 ||| STAIRDANCE
  1736 | D:2      | 1736 ||| Stepping ~*~*~tactically~*~*~ (stealth).
  1782 | D:2      | 1782 ||| DROPPING +0 club.
  1839 | D:2      | Reached skill level 4 in Axes
  2193 | D:2      | 2193 ||| Stepping ~*~*~tactically~*~*~ (stealth).
  2198 | D:2      | 2198 ||| FLEEEEING.
  2204 | D:2      | 2204 ||| FLEEEEING.
  2205 | D:2      | 2205 ||| FLEEEEING.
  2206 | D:2      | 2206 ||| FLEEEEING.
  2207 | D:2      | 2207 ||| FLEEEEING.
  2208 | D:2      | 2208 ||| FLEEEEING.
  2212 | D:2      | 2212 ||| FLEEEEING.
  2213 | D:2      | 2213 ||| STAIRDANCE
  2277 | D:1      | 2277 ||| UPGRADING to +0 buckler.
  2282 | D:1      | 2282 ||| DROPPING ring of magical power.
  2283 | D:1      | 2283 ||| DRINKING 3 bubbling yellow potions.
  2284 | D:1      | 2284 ||| READING 4 scrolls of identify.
  2284 | D:1      | 2284 ||| IDENTIFYING bubbling clear potion
  2285 | D:1      | 2285 ||| READING 3 scrolls of identify.
  2285 | D:1      | 2285 ||| IDENTIFYING bubbling sapphire potion
  2286 | D:1      | 2286 ||| READING 2 scrolls of identify.
  2286 | D:1      | 2286 ||| IDENTIFYING murky white potion
  2287 | D:1      | 2287 ||| DROPPING potion of attraction.
  2288 | D:1      | 2288 ||| DROPPING 2 potions of flight.
  2289 | D:1      | 2289 ||| DROPPING potion of ambrosia.
  2620 | D:2      | Reached skill level 1 in Shields
  2620 | D:2      | Reached XP level 4. HP: 26/26 MP: 8/8
  2684 | D:2      | 2684 ||| UPGRADING to +0 pair of gloves.
  2759 | D:3      | Found a stormy altar of Qazlal.
  2762 | D:3      | Found a white marble altar of Elyvilon.
  2795 | D:3      | Found a broken altar of Ashenzari.
  2886 | D:3      | Found a bloodstained altar of Trog.
  2931 | D:3      | Found Gucib's Jewellery Shoppe.
  2967 | D:3      | 2967 ||| Stepping ~*~*~tactically~*~*~ (stealth).
  3009 | D:3      | 3009 ||| SHOPLISTING ring "Neqaek" {rC+ SInv} (290 gold,
                  | have 77).
  3009 | D:3      | 3009 ||| SHOPLISTING ring of fire (250 gold, have 77).
  3009 | D:3      | 3009 ||| SHOPLISTING ring of ice (250 gold, have 77).
  3009 | D:3      | 3009 ||| SHOPLISTING ring of the Transmuting Genius {MP+9
                  | Str+2} (312 gold, have 77).
  3009 | D:3      | 3009 ||| SHOPLISTING ring of willpower (250 gold, have 77).
  3568 | D:3      | 3568 ||| UPGRADING to amulet of regeneration.
  3573 | D:3      | 3573 ||| DRINKING 2 green potions.
  3574 | D:3      | 3574 ||| READING 3 scrolls of identify.
  3574 | D:3      | 3574 ||| IDENTIFYING blue potion
  3575 | D:3      | 3575 ||| READING 2 scrolls of identify.
  3575 | D:3      | 3575 ||| IDENTIFYING golden potion
  3576 | D:3      | 3576 ||| DROPPING potion of lignification.
  3577 | D:3      | 3577 ||| DROPPING potion of degeneration.
  3651 | D:4      | Reached skill level 5 in Axes
  3651 | D:4      | Gained mutation: Your magical nature lets you fly swiftly
                  | and evasively. [Tengu growth]
  3651 | D:4      | Reached XP level 5. HP: 18/30 MP: 9/9
  3699 | D:4      | 3699 ||| Stepping ~*~*~tactically~*~*~ (stealth).
  3739 | D:4      | HP: 6/27 [wight/+0 halberd (4)]
  3740 | D:4      | 3740 ||| DRINKING potion of heal wounds.
  3749 | D:4      | Reached skill level 6 in Axes
  3749 | D:4      | Reached XP level 6. HP: 20/35 MP: 10/10
  3753 | D:4      | HP: 3/34 [wight/+5 mace (10)]
  3753 | D:4      | Slain by a wight

Levels and vault maps discovered:
D:1:      minmay_arrival_four_houses, layout_rooms,
          ebering_ecumenical_altar_hall
D:2:      layout_loops_corners
D:3:      layout_loops_corners, mainiacjoe_overflow_six_doors_small,
          evilmike_ruin_ashenzari, nicolae_overflow_squiral, serial_shops,
          nicolae_shop_waterfront, kennysheep_boxes
D:4:      layout_loops_ring

Skill      XL: |  1  2  3  4  5 |
---------------+----------------+-----
Axes           | 3 4 5 6 |  6.3
Shields        | 1 |  1.3
Armour         | 2 |  2.0
Fighting       | |  2.0
Throwing       | |  1.0
Dodging        | |  2.1
Spellcasting   | |  2.0
Translocations | |  2.4

Action                   |  1- 3 |  4- 6 || total
-------------------------+-------+-------++-------
Melee: Hand axe          |    87 |    69 ||   156
       Kick              |    25 |    21 ||    46
       Peck              |    10 |    12 ||    22
Throw: Boomerang         |     7 |       ||     7
  Use: Scroll            |     5 |     2 ||     7
       Potion            |     1 |     2 ||     3
Armor: Plate armour      |    71 |    48 ||   119
       Leather armour    |     2 |       ||     2
Dodge: Dodged            |    22 |     7 ||    29
Block: Buckler           |     4 |    12 ||    16

Table legend:
 A = Non-vault XP
 B = Vault XP
 C = Vault XP percentage of total XP
 D = Non-vault monster count
 E = Vault monster count
 F = Vault count percentage of total count
                 A         B        C        D         E       F
            +---------+---------+-------+---------+---------+-------
      Total |     347 |       0 |   0.0 |      55 |       0 |   0.0
            +---------+---------+-------+---------+---------+-------
        D:1 |      32 |       0 |   0.0 |      15 |       0 |   0.0
        D:2 |      60 |       0 |   0.0 |      24 |       0 |   0.0
        D:3 |      14 |       0 |   0.0 |       8 |       0 |   0.0
        D:4 |     241 |       0 |   0.0 |       8 |       0 |   0.0
            +---------+---------+-------+---------+---------+-------
